 Dungeon Crawl Stone Soup version 0.28.0-53-g5a82cb258f (webtiles) character file.

Game seed: 14057648903256374146

42 spiderkeys the Ducker (level 3, -3/22 HPs)
             Began as a Deep Elf Abyssal Knight on June 10, 2022.
             Was a Follower of Lugonu.
             Slain by a goblin
             ... wielding a +0 club
             ... led by Robin
              (6 damage)
             ... on level 2 of the Dungeon.
             The game lasted 00:02:13 (1970 turns).

spiderkeys the Ducker (Deep Elf Abyssal Knight)     Turns: 1970, Time: 00:02:15

Health: -3/22      AC:  3    Str: 10    XL:     3   Next: 33%
Magic:  7/7        EV: 12    Int: 22    God:    Lugonu [*.....]
Gold:   36         SH:  4    Dex: 15    Spells: 5/5 levels left

rFire   . . .      SeeInvis .   a - +1 short sword (freeze)
rCold   . . .      Faith    .   h - +0 buckler
rNeg    . . .      Spirit   .   b - +0 leather armour
rPois   .          Reflect  .   (no helmet)
rElec   .          Harm     .   (no cloak)
rCorr   .          Rampage  .   (no gloves)
Will    .....                   (no boots)
Stlth   +.........              (no amulet)
HPRegen 0.07/turn               (no ring)
MPRegen 0.10/turn               I - +6 ring of intelligence

@: no status effects
A: no striking features
a: Renounce Religion, Depart the Abyss


You were on level 2 of the Dungeon.
You worshipped Lugonu.
Lugonu was aware of your devotion.
You visited 1 branch of the dungeon, and saw 2 of its levels.
You visited the Abyss 1 time.

You collected 36 gold pieces.


   Skills:
 + Level 2.7 Fighting
 - Level 2.1 Short Blades
 - Level 0.7 Armour
 + Level 3.0 Dodging
 + Level 0.4 Shields
 + Level 1.5 Spellcasting
 + Level 2.5 Invocations


You had 5 spell levels left.
You didn't know any spells.
Your spell library was empty.

Inventory:

Hand Weapons
 a - a +1 short sword of freezing (weapon)
Missiles
 c - 92 stones
 g - 5 silver boomerangs
Armour
 b - a +0 leather armour (worn)
 h - a +0 buckler (worn)
   (You found it on level 1 of the Dungeon)
Jewellery
 F - the ring of Jebovog {Fire rN+}
   (You found it on level 2 of the Dungeon)

   [ring of fire]

   It enhances your fire magic.
   rF:        It protects you from fire.
   rC:        It makes you vulnerable to cold.
   rN:        It protects you from negative energy.
 I - a +6 ring of intelligence (right hand)
   (You found it on level 2 of the Dungeon)
Scrolls
 d - a scroll of vulnerability {!r!r}
 k - a scroll of holy word
Potions
 f - 2 potions of flight
 i - a potion of attraction {unknown}
 j - a potion of curing {unknown}

Dungeon Overview and Level Annotations

Branches:
Dungeon (2/15)

Altars:

Shops:
D:1 ?[=(

Annotations:
D:2 Robin

#########
#...g...#
#.#####.#
##############g#
#.#
#........g@gggg#
#g#
#.############.#
#.# ### #.# #.#
#g# ##.###.# #..
.g# ##...##.#
####


.gg #.......# .... ##...#### .... ##.## #####g #.# You could see Robin, 3
gnolls, a hobgoblin (strong) and a goblin (strong).


Message History

A quokka comes into view.
You hit the goblin. You freeze the goblin.
The goblin hits you but does no damage.
You closely miss the goblin. The goblin closely misses you.
You hit the goblin. You freeze the goblin.
You kill the goblin!
Lugonu accepts your kill.
You can now depart the Abyss.
The quokka barely misses you.
You miss the quokka. The quokka closely misses you.
You hit the quokka. You freeze the quokka.
You kill the quokka!
Lugonu accepts your kill.
No target in view!
No target in view!
No target in view!
As you read the scroll of identify {@r1}, it crumbles to dust.
d - a scroll of vulnerability
As you read the scroll of identify {@r1}, it crumbles to dust.
k - a scroll of holy word
Things that are here:
a +0 dagger; a quokka corpse; a goblin corpse 😎 MP[+1]
Your mp is fully restored (7).
There is a stone staircase leading up here.
An adder comes into view.
The adder bites you but does no damage. The adder bites you. 😕 HP[-4]
You take 4 damage, and now have 18/22 hp.
You hit the adder. You freeze the adder. The adder barely misses you.
You hit the adder.
The adder seems to slow down.
You freeze the adder.
You kill the adder!
Lugonu accepts your kill.
Your Dodging skill increases to level 3!
No target in view!
Key pressed, stopping explore.
Key pressed, stopping explore.
A gnoll comes into view. It is wielding a +0 club.
The gnoll shouts!
You hear a shout!
A gnoll comes into view. It is wielding a +0 flail. 😎 HP[+4]
Your hp is fully restored (22).
There are monsters nearby!
A gnoll comes into view.
It is wielding a +2 whip of electrocution.
The gnoll shouts!
You hear a shout! x4
A hobgoblin comes into view.
The gnoll shouts!
You hear a shout! x2
A hobgoblin comes into view.
Throw: 5 boomerangs (silver)
Press: ? - help, Shift-Dir - straight line, f - gnoll
Aim: a gnoll, wielding a +0 club (63% to hit)
You throw a silver boomerang. The silver boomerang hits the gnoll.
A goblin comes into view. It is wielding a +0 dagger.
The goblin moves out of view.
You hit the gnoll but do no damage. You block the gnoll's attack.
Robin of the Strong Arm comes into view.
They are wielding a +0 dagger.
You hit the gnoll. You freeze the gnoll. You block the gnoll's attack.
Robin roars a battlecry!
The goblins go into a battle-frenzy!
You barely miss the gnoll. The gnoll hits you with a +0 club.
A hobgoblin comes into view. 😕 HP[-3]
You take 3 damage, and now have 19/22 hp.
Unknown command. 😕 HP[+1]
A goblin comes into view. It is wielding a +0 club.
The gnoll hits you with a +0 club. 😕 HP[-2]
You take 2 damage, and now have 18/22 hp.
The goblin no longer looks unusually strong.
The gnoll hits you with a +0 club. 😮 HP[-4]
You take 4 damage, and now have 14/22 hp.
Robin throws the goblin at you!
You completely miss the goblin. The goblin barely misses you.
You block the gnoll's attack.
You closely miss the goblin. The goblin closely misses you.
Robin roars a battlecry!
The goblins go into a battle-frenzy!
The gnoll hits you with a +0 club!
* * * LOW HITPOINT WARNING * * *
You hear a shout! x4 😨 HP[-8]
You take 8 damage, and now have 6/22 hp.
MASSIVE DAMAGE!! (PAUSE)
Okay, then.
Unknown command.
Unknown command.
Okay, then.
You hit the goblin but do no damage. The goblin closely misses you.
You block the gnoll's attack.
Unknown command.
You completely miss the goblin. The goblin hits you with a +0 club.
* * * LOW HITPOINT WARNING * * *
The gnoll misses you. 😱 HP[-4]
You take 4 damage, and now have 2/22 hp.
Unknown command.
You closely miss the goblin. The goblin hits you with a +0 club.
You die...

Skill      XL: |  1  2  3 |
---------------+----------+-----
Spellcasting   | 1 |  1.5
Dodging        | 3 |  3.0
Fighting       | |  2.7
Short Blades   | |  2.1
Armour         | |  0.7
Shields        | |  0.4
Invocations    | |  2.5

Action                   || total
-------------------------++-------
Melee: Short sword       ||    64
Throw: Boomerang         ||     1
Invok: Depart the Abyss  ||     1
  Use: Scroll            ||     4
 Stab: Sleeping          ||     2
Armor: Leather armour    ||    13
Dodge: Dodged            ||    31
Block: Buckler           ||     4

Levels and vault maps discovered:
D:1:      minmay_arrival_shattered_statue, layout_loops_corners,
          chequers_ecumenical_altar_simple_redux, serial_shops,
          nicolae_shop_trees, shop_fountains, shop,
          nicolae_shop_bloodbath_and_beyond
D:2:      layout_loops_ring, uniq_robin

Notes
Turn   | Place    | Note
-------+----------+-------------------------------------------
     0 | Abyss:1  | spiderkeys the Deep Elf Abyssal Knight began the quest for
                  | the Orb.
     0 | Abyss:1  | Reached XP level 1. HP: 13/13 MP: 4/4
     0 | Abyss:1  | magus.rc [v1.11.3]
    17 | Abyss:1  | Found a corrupted altar of Lugonu.
    45 | Abyss:1  | Noticed a small abomination
    48 | Abyss:1  | Noticed a neqoxec
    56 | D:1      | You pass through the gate.
    56 | D:1      | Escaped the Abyss
   513 | D:1      | Reached XP level 2. HP: 9/18 MP: 5/5
   695 | D:1      | Found Kics's Jewellery Shoppe.
   707 | D:1      | Found Xewy's Weapon Shop.
   785 | D:1      | Found Zikhaaff's Antique Armour Shoppe.
   809 | D:1      | Found a faded altar of an unknown god.
   993 | D:1      | Found Vylinini's Magic Scroll Shop.
  1376 | D:1      | Reached skill level 1 in Spellcasting
  1485 | D:2      | Identified the ring of Jebovog {Fire rN+}
  1715 | D:2      | Reached XP level 3. HP: 22/22 MP: 6/6
  1745 | D:2      | Reached * piety under Lugonu
  1788 | D:2      | Reached skill level 3 in Dodging
  1949 | D:2      | Noticed Robin
  1969 | D:2      | HP: 2/22 [goblin/+0 club[Robin] (4)]
  1970 | D:2      | Slain by a goblin

Vanquished Creatures
  2 adders (D:2)
  2 bats
  3 endoplasms
  A giant cockroach (D:2)
  2 goblins
  4 hobgoblins
  A quokka (D:2)
  4 ball pythons
  2 kobolds (D:1)
  A rat (D:1)
22 creatures vanquished.

Table legend:
 A = Non-vault XP
 B = Vault XP
 C = Vault XP percentage of total XP
 D = Non-vault monster count
 E = Vault monster count
 F = Vault count percentage of total count
                 A         B        C        D         E       F
            +---------+---------+-------+---------+---------+-------
      Total |      60 |       0 |   0.0 |      22 |       0 |   0.0
            +---------+---------+-------+---------+---------+-------
        D:1 |      21 |       0 |   0.0 |      13 |       0 |   0.0
        D:2 |      39 |       0 |   0.0 |       9 |       0 |   0.0
            +---------+---------+-------+---------+---------+-------

Illustrated notes

Table legend:
 A = Kills in this place as a percentage of kills in entire the game.
 B = Kills by you in this place as a percentage of kills by you in the entire game.
 C = Kills by friends in this place as a percentage of kills by friends in the entire game.
 D = Other kills in this place as a percentage of other kills in the entire game.
 E = Experience gained in this place as a percentage of experience gained in the entire game.
 F = Experience gained in this place divided by the number of levels of this place that you have seen.
                   A       B       C       D       E      F
               +-------+-------+-------+-------+-------+----------------------
         Total | 100.0 | 100.0 |   N/A |   N/A | 100.0 |  20.0
       Dungeon | 100.0 | 100.0 |   N/A |   N/A | 100.0 |  30.0
               +-------+-------+-------+-------+-------+----------------------

Table legend: (Time is in decaauts)
 A = Elapsed time spent in this place.
 B = Non-inter-level travel time spent in this place.
 C = Inter-level travel time spent in this place.
 D = Time resting spent in this place.
 E = Time spent auto-exploring this place.
 F = Levels seen in this place.
 G = Mean time per level.
                   A        B        C        D        E       F      G
               +--------+--------+--------+--------+--------+-----+--------+
         Total |   1969 |   1918 |     51 |     37 |   1672 |   3 |  656.3 |
       Dungeon |   1913 |   1862 |     51 |     37 |   1628 |   2 |  956.5 |
         Abyss |     56 |     56 |      0 |      0 |     44 |   1 |   56.0 |
               +--------+--------+--------+--------+--------+-----+--------+

Top non-repeatable levels by time:
     D:1: 1378 daAuts
     D:2: 535 daAuts
 Abyss:1: 56 daAuts
